| TOP OF THE 1ST |
|
Mobile Bears batting - Pitching for Savannah Indians : RHP Jose Guzman
|
|
Pitching: RHP Jose Guzman
|
|
|
Batting: LHB Jeffrey Szczecinski
|
0-0: Ball 1-0: Called Strike 1-1: Ball 2-1: Ball 3-1: Base on Balls
|
|
Batting: RHB Bob Hendershot
|
0-0: Called Strike 0-1: Ball 1-1: Ball 2-1: Foul Ball, location: 2F 2-2: Foul Ball, location: 2F 2-2: Ball 3-2: Strikes out looking
|
|
Batting: LHB Franklin Stubbs
|
0-0: SINGLE (Groundball, 25, EV 66.3 MPH) (infield hit) Jeffrey Szczecinski to second
|
|
Batting: SHB Dave Cochrane
|
0-0: Ball 1-0: Foul Ball, location: 2F 1-1: Called Strike 1-2: Foul Ball, location: 2F 1-2: Foul Ball, location: 2F 1-2: Foul Ball, location: 2F 1-2: Fly out, F8 (Flyball, 8LD, EV 99.4 MPH)
|
|
Batting: RHB Jose Aguirre
|
0-0: Ball 1-0: Ball 2-0: Called Strike 2-1: Ball 3-1: Foul Ball, location: 2F 3-2: Fly out, F8 (Flyball, 89M, EV 81.3 MPH)
|
| Top of the 1st over - 0 runs, 1 hit, 0 errors, 2 left on base; Mobile 0 - Savannah 0 |
| BOTTOM OF THE 1ST |
|
Savannah Indians batting - Pitching for Mobile Bears : RHP Ruben Nevarez
|
|
Pitching: RHP Ruben Nevarez
|
|
|
Batting: RHB Angel Salazar
|
0-0: Ball 1-0: Foul Ball, location: 2F 1-1: Swinging Strike 1-2: SINGLE (Groundball, 56D, EV 95.0 MPH)
|
|
Batting: LHB Kelvin Torve
|
0-0: Ball 1-0: DOUBLE (Line Drive, 3D, EV 95.0 MPH) Angel Salazar to third Runner from 3rd tries for Home, SAFE, no throw by RF
|
|
Batting: RHB Jim Paciorek
|
0-0: Ball 1-0: Called Strike 1-1: Hit by Pitch
|
|
Batting: RHB Wade Rowdon
|
0-0: Ball 1-0: Ball 2-0: Called Strike 2-1: Ball 3-1: Base on Balls Kelvin Torve to third Jim Paciorek to second
|
|
Batting: RHB Ramiro Gutierrez
|
0-0: Fly out, F4 (Popup, 4MD, EV 68.1 MPH)
|
|
Batting: RHB Eddie Vargas
|
0-0: Ball 1-0: Ball 2-0: Ball 3-0: Called Strike 3-1: Foul Ball, location: 2F 3-2: Foul Ball, location: 2F 3-2: Strikes out looking
|
|
Batting: LHB Albert Castillo
|
0-0: Called Strike 0-1: Swinging Strike 0-2: Strikes out looking
|
| Bottom of the 1st over - 1 run, 2 hits, 0 errors, 3 left on base; Mobile 0 - Savannah 1 |
| TOP OF THE 2ND |
|
Mobile Bears batting - Pitching for Savannah Indians : RHP Jose Guzman
|
|
Batting: SHB Paul Hundhammer
|
0-0: Ball 1-0: Foul Ball, location: 2F 1-1: Ball 2-1: Foul Ball, location: 2F 2-2: Foul Ball, location: 2F 2-2: Ground out 4-3 (Groundball, 4, EV 90.6 MPH)
|
|
Batting: RHB Rick Stromer
|
0-0: Ball 1-0: Ball 2-0: DOUBLE (Line Drive, 3D, EV 103.1 MPH)
|
|
Batting: RHB Jim Opie
|
0-0: Ball 1-0: Foul Ball, location: 2F 1-1: Fly out, F9 (Flyball, 9S, EV 75.6 MPH)
|
|
Batting: RHB Alfred Welch
|
0-0: Called Strike 0-1: Foul Ball, location: 2F 0-2: Fly out, F4 (Flyball, 4MD, EV 85.0 MPH)
|
| Top of the 2nd over - 0 runs, 1 hit, 0 errors, 1 left on base; Mobile 0 - Savannah 1 |
| BOTTOM OF THE 2ND |
|
Savannah Indians batting - Pitching for Mobile Bears : RHP Ruben Nevarez
|
|
Batting: RHB Mario Diaz
|
0-0: Swinging Strike 0-1: Called Strike 0-2: SINGLE (Flyball, 4MD, EV 91.9 MPH)
|
|
Batting: RHB Dan Plante
|
0-0: Ball 1-0: Called Strike 1-1: TRIPLE (Flyball, 89XD, EV 109.4 MPH) Mario Diaz scores
|
|
Batting: RHB Angel Salazar
|
0-0: Ground out 5-3 (Groundball, 56, EV 86.9 MPH) Dan Plante scores
|
|
Batting: LHB Kelvin Torve
|
0-0: Ball 1-0: Foul Ball, location: 2F 1-1: Fly out, F8 (Flyball, 8LD, EV 78.1 MPH)
|
|
Batting: RHB Jim Paciorek
|
0-0: Ball 1-0: Ground out 6-3 (Groundball, 6, EV 76.3 MPH)
|
| Bottom of the 2nd over - 2 runs, 2 hits, 0 errors, 0 left on base; Mobile 0 - Savannah 3 |
| TOP OF THE 3RD |
|
Mobile Bears batting - Pitching for Savannah Indians : RHP Jose Guzman
|
|
Batting: LHB Jeffrey Szczecinski
|
0-0: Swinging Strike 0-1: Ball 1-1: Foul Ball, location: 2F 1-2: Foul Ball, location: 2F 1-2: Foul Ball, location: 2F 1-2: Ball 2-2: Ground out 6-3 (Groundball, P, EV 83.8 MPH)
|
|
Batting: RHB Bob Hendershot
|
0-0: Called Strike 0-1: Ball 1-1: Fly out, F9 (Flyball, 89D, EV 99.4 MPH)
|
|
Batting: LHB Franklin Stubbs
|
0-0: Ball 1-0: Swinging Strike 1-1: Called Strike 1-2: Ball 2-2: Fly out, F6 (Flyball, 5D, EV 96.9 MPH)
|
| Top of the 3rd over - 0 runs, 0 hits, 0 errors, 0 left on base; Mobile 0 - Savannah 3 |
| BOTTOM OF THE 3RD |
|
Savannah Indians batting - Pitching for Mobile Bears : RHP Ruben Nevarez
|
|
Batting: RHB Wade Rowdon
|
0-0: Called Strike 0-1: Ball 1-1: Foul Ball, location: 2F 1-2: Ball 2-2: Strikes out swinging
|
|
Batting: RHB Ramiro Gutierrez
|
0-0: Ball 1-0: Fly out, F9 (Flyball, 9S, EV 91.9 MPH)
|
|
Batting: RHB Eddie Vargas
|
0-0: Fly out, F7 (Line Drive, 7, EV 100.6 MPH)
|
| Bottom of the 3rd over - 0 runs, 0 hits, 0 errors, 0 left on base; Mobile 0 - Savannah 3 |
| TOP OF THE 4TH |
|
Mobile Bears batting - Pitching for Savannah Indians : RHP Jose Guzman
|
|
Batting: SHB Dave Cochrane
|
0-0: Ball 1-0: Ball 2-0: Foul Ball, location: 2F 2-1: Foul Ball, location: 2F 2-2: Fly out, F8 (Flyball, 8RXD, EV 100.0 MPH)
|
|
Batting: RHB Jose Aguirre
|
0-0: Ball 1-0: Swinging Strike 1-1: Swinging Strike 1-2: Ball 2-2: Strikes out looking
|
|
Batting: SHB Paul Hundhammer
|
0-0: Called Strike 0-1: Fly out, F2 (Popup, 2RF, EV 83.1 MPH)
|
| Top of the 4th over - 0 runs, 0 hits, 0 errors, 0 left on base; Mobile 0 - Savannah 3 |
| BOTTOM OF THE 4TH |
|
Savannah Indians batting - Pitching for Mobile Bears : RHP Ruben Nevarez
|
|
Batting: LHB Albert Castillo
|
0-0: Ball 1-0: Ball 2-0: Ball 3-0: Base on Balls
|
|
Batting: RHB Mario Diaz
|
0-0: Ball 1-0: Fielders Choice at 2nd, 1-6 (Groundball, 34S, EV 71.3 MPH)
|
|
Batting: RHB Dan Plante
|
0-0: Swinging Strike 0-1: Ball 1-1: Ball 2-1: Foul Ball, location: 2F 2-2: Fielders Choice at 2nd, 1-6 (Groundball, 13S, EV 74.4 MPH)
|
|
Batting: RHB Angel Salazar
|
0-0: SINGLE (Groundball, 6S, EV 65.6 MPH) (infield hit) Dan Plante to second
|
|
Batting: LHB Kelvin Torve
|
0-0: Called Strike 0-1: Swinging Strike 0-2: Ball 1-2: Foul Ball, location: 2F 1-2: Fly out, F8 (Flyball, 8LS, EV 84.4 MPH)
|
| Bottom of the 4th over - 0 runs, 1 hit, 0 errors, 2 left on base; Mobile 0 - Savannah 3 |
| TOP OF THE 5TH |
|
Mobile Bears batting - Pitching for Savannah Indians : RHP Jose Guzman
|
|
Batting: RHB Rick Stromer
|
0-0: Called Strike 0-1: Ball 1-1: Ball 2-1: Called Strike 2-2: Fly out, F3 (Flyball, 3D, EV 74.4 MPH)
|
|
Batting: RHB Jim Opie
|
0-0: Called Strike 0-1: Ball 1-1: Ball 2-1: Ball 3-1: Base on Balls
|
|
Batting: RHB Alfred Welch
|
0-0: Ball 1-0: Fly out, F9 (Flyball, 9, EV 97.5 MPH)
|
|
Batting: LHB Jeffrey Szczecinski
|
0-0: Ball 1-0: Swinging Strike 1-1: Swinging Strike 1-2: Ball 2-2: Strikes out swinging
|
| Top of the 5th over - 0 runs, 0 hits, 0 errors, 1 left on base; Mobile 0 - Savannah 3 |
| BOTTOM OF THE 5TH |
|
Savannah Indians batting - Pitching for Mobile Bears : RHP Ruben Nevarez
|
|
Batting: RHB Jim Paciorek
|
0-0: Ball 1-0: Foul Ball, location: 2F 1-1: Foul Ball, location: 2F 1-2: Ball 2-2: Foul Ball, location: 2F 2-2: Foul Ball, location: 2F 2-2: Fly out, F7 (Line Drive, 7, EV 90.0 MPH)
|
|
Batting: RHB Wade Rowdon
|
0-0: Foul Ball, location: 2F 0-1: Foul Ball, location: 2F 0-2: Ball 1-2: Foul Ball, location: 2F 1-2: Strikes out looking
|
|
Batting: RHB Ramiro Gutierrez
|
0-0: Ball 1-0: SINGLE (Flyball, 34D, EV 93.8 MPH)
|
|
Batting: RHB Eddie Vargas
|
0-0: Called Strike 0-1: Called Strike 0-2: Ball 1-2: Ball 2-2: SINGLE (Flyball, 3D, EV 89.4 MPH) Ramiro Gutierrez to second Runner from 2nd tries for 3rd, SAFE, no throw by RF
|
|
Batting: LHB Albert Castillo
|
0-0: Called Strike 0-1: Ball 1-1: Foul Ball, location: 2F 1-2: Foul Ball, location: 2F 1-2: Ball 2-2: Ball 3-2: Base on Balls Eddie Vargas to second
|
|
Batting: RHB Mario Diaz
|
0-0: Ball 1-0: Ball 2-0: Called Strike 2-1: Foul Ball, location: 2F 2-2: Ball 3-2: Base on Balls Ramiro Gutierrez scores Eddie Vargas to third Albert Castillo to second
|
|
Batting: RHB Dan Plante
|
0-0: Swinging Strike 0-1: Ball 1-1: Foul Ball, location: 2F 1-2: DOUBLE (Flyball, 78D, EV 108.8 MPH) Eddie Vargas scores Albert Castillo scores Mario Diaz to third Runner from 3rd tries for Home, SAFE, throw by LF to home
|
|
Pitching: RHP Keith Hendry
|
|
|
Batting: RHB Angel Salazar
|
0-0: Ball 1-0: Ball 2-0: Ground out 6-3 (Groundball, 6, EV 85.6 MPH)
|
| Bottom of the 5th over - 4 runs, 3 hits, 0 errors, 1 left on base; Mobile 0 - Savannah 7 |
| TOP OF THE 6TH |
|
Mobile Bears batting - Pitching for Savannah Indians : RHP Jose Guzman
|
|
Batting: RHB Bob Hendershot
|
0-0: Called Strike 0-1: Ball 1-1: Called Strike 1-2: Strikes out swinging
|
|
Batting: LHB Franklin Stubbs
|
0-0: Foul Ball, location: 2F 0-1: Swinging Strike 0-2: Ball 1-2: Ball 2-2: Ball 3-2: Fly out, F8 (Flyball, 8LD, EV 91.9 MPH)
|
|
Batting: SHB Dave Cochrane
|
0-0: Foul Ball, location: 2F 0-1: Ball 1-1: Foul Ball, location: 2F 1-2: Strikes out looking
|
| Top of the 6th over - 0 runs, 0 hits, 0 errors, 0 left on base; Mobile 0 - Savannah 7 |
| BOTTOM OF THE 6TH |
|
Savannah Indians batting - Pitching for Mobile Bears : RHP Keith Hendry
|
|
Batting: LHB Kelvin Torve
|
0-0: Called Strike 0-1: Foul Ball, location: 2F 0-2: Strikes out looking
|
|
Batting: RHB Jim Paciorek
|
0-0: SINGLE (Groundball, 6D, EV 99.4 MPH)
|
|
Batting: RHB Wade Rowdon
|
0-0: Swinging Strike 0-1: Ball 1-1: Fly out, F9 (Flyball, 9D, EV 105.0 MPH)
|
|
Batting: RHB Ramiro Gutierrez
|
0-0: Called Strike 0-1: Ball 1-1: Ball 2-1: Ball 3-1: Foul Ball, location: 2F 3-2: Base on Balls Jim Paciorek to second
|
|
Batting: RHB Eddie Vargas
|
0-0: Ball 1-0: Swinging Strike 1-1: DOUBLE (Line Drive, 89XD, EV 110.0 MPH) Jim Paciorek scores Ramiro Gutierrez to third Runner from 3rd tries for Home, SAFE, throw by RF to trailing runner, SAFE at third!
|
|
Batting: LHB Albert Castillo
|
0-0: Ball 1-0: SINGLE (Groundball, 34D, EV 98.8 MPH) Eddie Vargas scores
|
|
Batting: RHB Mario Diaz
|
0-0: Ball 1-0: Ball 2-0: Called Strike 2-1: Ball 3-1: Fly out, F7 (Flyball, 7LS, EV 85.6 MPH)
|
| Bottom of the 6th over - 3 runs, 3 hits, 0 errors, 1 left on base; Mobile 0 - Savannah 10 |
| TOP OF THE 7TH |
|
Mobile Bears batting - Pitching for Savannah Indians : RHP Jose Guzman
|
|
Batting: RHB Jose Aguirre
|
0-0: Foul Ball, location: 2F 0-1: Ball 1-1: Foul Ball, location: 2F 1-2: Ball 2-2: Strikes out looking
|
|
Batting: SHB Paul Hundhammer
|
0-0: SINGLE (Flyball, 8RS, EV 86.3 MPH)
|
|
Batting: RHB Rick Stromer
|
0-0: Ball 1-0: SINGLE (Groundball, 5S, EV 68.8 MPH) (infield hit) Paul Hundhammer to second
|
|
Batting: RHB Jim Opie
|
0-0: Swinging Strike 0-1: Ball 1-1: Called Strike 1-2: Strikes out swinging
|
|
Batting: RHB Alfred Welch
|
0-0: Fielders Choice at 2nd, 6-4 (Groundball, 6, EV 83.1 MPH)
|
| Top of the 7th over - 0 runs, 2 hits, 0 errors, 2 left on base; Mobile 0 - Savannah 10 |
| BOTTOM OF THE 7TH |
|
Savannah Indians batting - Pitching for Mobile Bears : RHP Keith Hendry
|
|
Batting: RHB Dan Plante
|
0-0: Called Strike 0-1: Called Strike 0-2: Fly out, F7 (Flyball, 7LD, EV 100.6 MPH)
|
|
Pinch Hitting: RHB Feliberto Corona
|
0-0: Called Strike 0-1: Foul Ball, location: 2F 0-2: Foul Ball, location: 2F 0-2: Ball 1-2: SOLO HOME RUN (Flyball, 7D, EV 100.6 MPH), Distance : 360 ft
|
|
Batting: LHB Kelvin Torve
|
0-0: Foul Ball, location: 2F 0-1: Ball 1-1: SINGLE (Line Drive, 8RS, EV 105.0 MPH)
|
|
Batting: RHB Jim Paciorek
|
0-0: Ball 1-0: Called Strike 1-1: Ball 2-1: Ball 3-1: Base on Balls Kelvin Torve to second
|
|
Batting: RHB Wade Rowdon
|
0-0: Ball 1-0: Ball 2-0: Ball 3-0: Base on Balls Kelvin Torve to third Jim Paciorek to second
|
|
Batting: RHB Ramiro Gutierrez
|
0-0: Fly out, F8 (Flyball, 8RXD, EV 96.3 MPH) Runner from 3rd tags up, SCORES, no throw by CF Jim Paciorek to third
|
|
Pinch Hitting: RHB T.J. Johnson
|
0-0: Ball 1-0: Foul Ball, location: 2F 1-1: Ball 2-1: Ball 3-1: Called Strike 3-2: Strikes out looking
|
| Bottom of the 7th over - 2 runs, 2 hits, 0 errors, 2 left on base; Mobile 0 - Savannah 12 |
| TOP OF THE 8TH |
|
Mobile Bears batting - Pitching for Savannah Indians : RHP Jose Guzman
|
|
Now at 1B: Dave Engle
|
|
|
Now at 2B: Feliberto Corona
|
|
|
Pinch Hitting: RHB Tony Velasquez
|
0-0: Ball 1-0: Ground out 6-3 (Groundball, 6, EV 110.6 MPH)
|
|
Batting: RHB Bob Hendershot
|
0-0: Called Strike 0-1: Fly out, F4 (Popup, 34S, EV 88.8 MPH)
|
|
Batting: LHB Franklin Stubbs
|
0-0: Called Strike 0-1: Foul Ball, location: 2F 0-2: Ball 1-2: Foul Ball, location: 2F 1-2: Strikes out swinging
|
| Top of the 8th over - 0 runs, 0 hits, 0 errors, 0 left on base; Mobile 0 - Savannah 12 |
| BOTTOM OF THE 8TH |
|
Savannah Indians batting - Pitching for Mobile Bears : RHP Keith Hendry
|
|
Now at 1B: Tony Velasquez
|
|
|
Batting: LHB Albert Castillo
|
0-0: Called Strike 0-1: Called Strike 0-2: Ball 1-2: Reaches on Catchers interference
|
|
Batting: RHB Mario Diaz
|
0-0: Called Strike 0-1: Ball 1-1: Fielders Choice at 2nd, 6-4 (Groundball, 6, EV 92.5 MPH)
|
|
Batting: RHB Dan Plante
|
0-0: Called Strike 0-1: Ball 1-1: Called Strike 1-2: Foul Ball, location: 2F 1-2: SINGLE (Line Drive, 89S, EV 100.6 MPH) Mario Diaz to second
|
|
Batting: RHB Feliberto Corona
|
0-0: Ball 1-0: Ball 2-0: Foul Ball, location: 2F 2-1: Foul Ball, location: 2F 2-2: 3-RUN HOME RUN (Flyball, 78XD, EV 105.0 MPH), Distance : 415 ft
|
|
Pitching: RHP Jerry King
|
|
|
Batting: LHB Kelvin Torve
|
0-0: Called Strike 0-1: Foul Ball, location: 2F 0-2: Strikes out swinging
|
|
Batting: RHB Jim Paciorek
|
0-0: Called Strike 0-1: Ball 1-1: Called Strike 1-2: Ball 2-2: Foul Ball, location: 2F 2-2: Ball 3-2: Foul Ball, location: 2F 3-2: Base on Balls
|
|
Batting: RHB Wade Rowdon
|
0-0: Ball 1-0: Ball 2-0: Called Strike 2-1: Foul Ball, location: 2F 2-2: Fly out, F8 (Flyball, 8RS, EV 92.5 MPH)
|
| Bottom of the 8th over - 3 runs, 2 hits, 1 error, 1 left on base; Mobile 0 - Savannah 15 |
| TOP OF THE 9TH |
|
Mobile Bears batting - Pitching for Savannah Indians : RHP Jose Guzman
|
|
Pinch Hitting: RHB Walter Steele
|
0-0: Ball 1-0: Ball 2-0: SINGLE (Line Drive, 7LS, EV 91.3 MPH)
|
|
Batting: RHB Jose Aguirre
|
0-0: Called Strike 0-1: Ball 1-1: SINGLE (Line Drive, 4D, EV 98.1 MPH) Walter Steele to second
|
|
Pitching: RHP John Dopson
|
|
|
Batting: SHB Paul Hundhammer
|
0-0: Ball 1-0: Foul Ball, location: 2F 1-1: Swinging Strike 1-2: Foul Ball, location: 2F 1-2: Strikes out swinging
|
|
Batting: RHB Rick Stromer
|
0-0: Fly out, F9 (Flyball, 89D, EV 100.6 MPH) Runner from 2nd tags up, SAFE at 3rd, no throw by RF
|
|
Batting: RHB Jim Opie
|
0-0: Called Strike 0-1: Fly out, F9 (Flyball, 9LM, EV 77.5 MPH)
|
| Top of the 9th over - 0 runs, 2 hits, 0 errors, 2 left on base; Mobile 0 - Savannah 15 |
|